 Dungeon Crawl Stone Soup version 0.30-a0-719-gcc4359ea44 (webtiles) character file.

Game seed: 13779664241830432880

243 Mitcholas the Shooter (level 5, 0/41 HPs)
             Began as a Draconian Hunter on Jan 26, 2023.
             Succumbed to a water moccasin's poison
             ... on level 3 of the Dungeon.
             The game lasted 00:02:21 (2441 turns).

Mitcholas the Shooter (Draconian Hunter)            Turns: 2441, Time: 00:02:21

Health: 0/41       AC:  5    Str: 13    XL:     5   Next: 82%
Magic:  5/5        EV: 12    Int: 10    God:
Gold:   114        SH:  0    Dex: 16    Spells: 4/4 levels left

rFire   . . .      SeeInvis .    a - +0 shortbow
rCold   . . .      Faith    .    (shield currently unavailable)
rNeg    . . .      Spirit   .    (body armour unavailable)
rPois   .          Reflect  .    (helmet restricted)
rElec   .          Harm     .    (no cloak)
rCorr   .          Rampage  .    (no gloves)
Will    .....                    (no boots)
Stlth   ++                       (no amulet)
HPRegen 0.26/turn                (no ring)
MPRegen 0.09/turn                (no ring)

@: mighty, lethally poisoned (0 -> -3)
A: AC +5, unfitting armour, cold-blooded
a: no special abilities


You were on level 3 of the Dungeon.
You visited 1 branch of the dungeon, and saw 3 of its levels.

You collected 114 gold pieces.

Inventory:

Hand Weapons
 a - a +0 shortbow (weapon)
Jewellery
 g - an amulet of magic regeneration
Scrolls
 b - a scroll of immolation
 c - a scroll of noise {unknown}
 e - a scroll of teleportation {unknown}
 f - a scroll of identify {unknown}
 h - a scroll of fog {unknown}


   Skills:
 - Level 2.1 Fighting
 + Level 6.5 Ranged Weapons
 - Level 1.7 Dodging
 - Level 0.8 Stealth


You had 4 spell levels left.
You didn't know any spells.
Your spell library contained the following spells:

 Spells                   Type           Power      Damage    Failure   Level
 Magic Dart               Conj           0%         1d3       36%         1
 Blink                    Tloc           0%         N/A       50%         2
 Call Imp                 Summ           0%         N/A       50%         2
 Mephitic Cloud           Conj/Pois/Air  0%         N/A       75%         3
 Manifold Assault         Tloc           0%         N/A       98%         4
 Storm Form               Tmut/Air       0%         N/A       100%        7


Dungeon Overview and Level Annotations

Branches:
Dungeon (3/15)

Altars:
Fedhas

Shops:
D:1 (


Innate Abilities, Weirdness & Mutations

Your plain brown scales are hard. (AC +5)
You cannot fit into any form of body armour.
You are cold-blooded and may be slowed by cold attacks.


Message History

You are too injured to fight recklessly!
You are too injured to fight recklessly!
You are too injured to fight recklessly!
You are too injured to fight recklessly!
You are too injured to fight recklessly!
You are too injured to fight recklessly!
You are too injured to fight recklessly!
You are too injured to fight recklessly!
Fire: a) +0 shortbow
Press: ? - help, Q - select action Shift-Dir - straight line, f/p - water moccasin
Aim: a water moccasin (almost dead, 46% to hit)
You shoot an arrow.
The arrow closely misses the water moccasin.
You feel very sick.
The water moccasin completely misses you.
The water moccasin bites you.
* * * LOW HITPOINT WARNING * * *
Fire: a) +0 shortbow
Press: ? - help, Q - select action Shift-Dir - straight line, f/p - water moccasin
Aim: a water moccasin (almost dead, 46% to hit)
You shoot an arrow. The arrow hits the water moccasin.
You kill the water moccasin!
* * * LOW HITPOINT WARNING * * *
You feel very sick.
Your Ranged Weapons skill increases to level 6!
You have reached level 5!
There is a lethal amount of poison in your body!
It was a potion of might.
You feel very mighty all of a sudden.
* * * LOW HITPOINT WARNING * * *
You feel very sick.
* * * LOW HITPOINT WARNING * * *
You feel sick.
* * * LOW HITPOINT WARNING * * *
You feel sick.
* * * LOW HITPOINT WARNING * * *
You feel sick.
* * * LOW HITPOINT WARNING * * *
You feel sick.
You die...

#...... #.. #...... #.#
....... ..
##.....######## #.#
............... #.## .
######..##### ..
.........†...##########
########..@..##.......#
#......#.#####.#
#.........# #.#
#......#..## #.#
#####.##...###.#####
#.##....##......
#.....††########
#.....†.........
##....#...######


There were no monsters in sight!

Vanquished Creatures
  A water moccasin (D:3)
  3 gnolls (D:3)
  3 adders
  3 worms
  3 dart slugs
  An orc (D:3)
  8 ball pythons
  3 bats
  6 endoplasms
  A giant cockroach (D:1)
  7 goblins
  3 hobgoblins
  4 jackals (D:3)
  3 kobolds
  5 quokkas
  3 frilled lizards
  2 rats
59 creatures vanquished.

Vanquished Creatures (others)
  6 plants (D:2)
6 creatures vanquished.

Grand Total: 65 creatures vanquished

Notes
Turn   | Place    | Note
-------+----------+-------------------------------------------
     0 | D:1      | Mitcholas the Draconian Hunter began the quest for the Orb.
     0 | D:1      | Reached XP level 1. HP: 17/17 MP: 1/1
   160 | D:1      | Reached skill level 4 in Ranged Weapons
   175 | D:1      | Reached XP level 2. HP: 24/24 MP: 2/2
   536 | D:1      | Found Calipn's Antique Weapon Emporium.
   736 | D:1      | Reached XP level 3. HP: 29/29 MP: 3/3
   895 | D:2      | Found a blossoming altar of Fedhas.
  1115 | D:2      | Found a faded altar of an unknown god.
  1327 | D:2      | Reached skill level 5 in Ranged Weapons
  1890 | D:3      | Reached XP level 4. HP: 36/36 MP: 4/4
  2422 | D:3      | Noticed a water moccasin
  2435 | D:3      | Killed a water moccasin
  2436 | D:3      | Reached skill level 6 in Ranged Weapons
  2436 | D:3      | Reached XP level 5. HP: 7/41 MP: 5/5
  2438 | D:3      | HP: 2/41 [poisoned by a water moccasin]
  2441 | D:3      | Succumbed to a water moccasin's poison

Illustrated notes

Levels and vault maps discovered:
D:1:      lightli_arrival_windingriver, layout_loops_corners, serial_shops,
          nicolae_shop_behind_doors, chequers_serial_rivers_micro_e
D:2:      layout_loops_corners, nicolae_ecumenical_lake_church, basic_altar,
          serial_forest, infiniplex_forest_straight_1,
          infiniplex_forest_clump_small, infiniplex_forest_diagonal,
          infiniplex_forest_clump_curved, infiniplex_forest_fountain,
          infiniplex_forest_clump_double, infiniplex_forest_lined_room_2
D:3:      layout_basic, uniq_terence

Skill      XL: |  1  2  3  4 |
---------------+-------------+-----
Ranged Weapons | 4 5 6 |  6.5
Fighting       | |  2.1
Dodging        | |  1.7
Stealth        | |  0.8

Action                     |  1- 3 |  4- 6 || total
---------------------------+-------+-------++-------
   Fire: Shortbow          |   125 |    62 ||   187
    Use: Potion            |       |     1 ||     1
 Armour: Skin              |    12 |    21 ||    33
  Dodge: Dodged            |    39 |    41 ||    80

Table legend: (Time is in decaauts)
 A = Elapsed time spent in this place.
 B = Non-inter-level travel time spent in this place.
 C = Inter-level travel time spent in this place.
 D = Time resting spent in this place.
 E = Time spent auto-exploring this place.
 F = Levels seen in this place.
 G = Mean time per level.
                   A        B        C        D        E       F      G
               +--------+--------+--------+--------+--------+-----+--------+
         Total |   2491 |   2474 |     17 |      0 |   2151 |   3 |  830.3 |
       Dungeon |   2491 |   2474 |     17 |      0 |   2151 |   3 |  830.3 |
               +--------+--------+--------+--------+--------+-----+--------+

Top non-repeatable levels by time:
     D:2: 1024 daAuts
     D:1: 843 daAuts
     D:3: 624 daAuts
